 Dungeon Crawl Stone Soup version 0.31-a0-559-g03b8d61ab2 (webtiles) character file.

Game seed: 15623234386528221198

18 Chiseanne the Sneak (level 2, 0/14 HPs)
             Began as a Spriggan Brigand on Aug 17, 2023.
             Slain by a worm (4 damage)
             ... on level 3 of the Dungeon.
             The game lasted 00:03:54 (454 turns).

Chiseanne the Sneak (Spriggan Brigand)               Turns: 454, Time: 00:03:55

Health: 0/14       AC:  3    Str:  7    XL:     2   Next: 48%
Magic:  3/3        EV: 16    Int: 12    God:
Gold:   41         SH:  0    Dex: 16    Spells: 1/1 levels left

rFire   . . .        s - +0 rapier
rCold   . . .        (no shield)
rNeg    . . .        b - +0 robe
rPois   .            (helmet restricted)
rElec   .            c - +0 cloak
rCorr   .            (gloves unavailable)
SInv    +            (boots unavailable)
Will    .....        (no amulet)
Stlth   ++++         (no ring)
HPRegen 0.22/turn    (no ring)
MPRegen 0.08/turn

%: no passive effects
@: very quick
A: very small, no large weapons, unfitting armour, see invisible, speed 3
a: no special abilities


You were on level 3 of the Dungeon.
You visited 1 branch of the dungeon, and saw 3 of its levels.

You collected 41 gold pieces.

Inventory:

Hand Weapons
 a - a +2 dagger
 s - a +0 rapier (weapon)
Missiles
 d - 13 poisoned darts (quivered)
 e - 3 curare-tipped darts
 h - 7 stones
Armour
 b - a +0 robe (worn)
 c - a +0 cloak (worn)
Wands
 k - a wand of flame (20)
Potions
 f - a potion of ambrosia
 g - a potion of heal wounds
 i - a potion of berserk rage {unknown}


   Skills:
 - Level 1.5 Fighting
 - Level 2.1 Short Blades
 - Level 2.0 Throwing
 - Level 1.3 Dodging
 * Level 7.1 Stealth


You had one spell level left.
You didn't know any spells.
Your spell library was empty.

Dungeon Overview and Level Annotations

Branches:
Dungeon (3/15)

Altars:


Innate Abilities, Weirdness & Mutations

You are very small and have problems with some larger weapons.
You are too small for most types of armour.
You have supernaturally acute eyesight. (SInv)
You cover ground extremely quickly. (Speed+++)


Message History

There is a stone staircase leading up here.
There is a stone staircase leading down here.
You climb downwards.
There is a stone staircase leading up here.
Found a scroll labelled SOYTEO KYT VON.
i - 2 scrolls labelled SOYTEO KYT VON (gained 1)
As you read the scroll labelled SOYTEO KYT VON, it crumbles to dust.
It is a scroll of identify.
f - a potion of ambrosia
As you read the scroll of identify, it crumbles to dust.
g - a potion of heal wounds
As you read the scroll labelled HAVAUSTR XUKHLU, it crumbles to dust.
Your body is wracked with pain!
It was a scroll of torment.
Blink to where?
Press: ? - help, Dir - move target
As you read the scroll labelled XEENWE DUUT, it crumbles to dust.
It was a scroll of blinking.
Options error: Couldn't parse integer option travel_delay: "1 (or -1 online)" (~/.crawlrc:138) Options error: Couldn't parse integer option rest_delay: "-1 (or -1 online)" (~/.crawlrc:140) Options error: Unknown explore stop condition 'greedy_sacrificeable' (~/.crawlrc:146) Welcome back, Chiseanne the Spriggan Brigand.
Press ? for a list of commands and other information.
Found a golden potion.
i - a golden potion A worm comes into view.
s - a +0 rapier (weapon)
You hit the worm.
The worm is lightly wounded.
The worm misses you.
You hit the worm.
The worm is lightly wounded.
You puncture the worm!
The worm is heavily wounded.
The worm bites you!
Ouch! That really hurt!
* * * LOW HITPOINT WARNING * * *
You hit the worm.
The worm is heavily wounded.
The worm bites you.
You die...

### # ..#
#. #.#
###.###w#
.......@#
........#
##......#
#......#
#......###
#........#
######.#.#
#.#...
#.#####


You could see a worm.

Vanquished Creatures
  An endoplasm (D:2)
  2 giant cockroaches
  A hobgoblin (D:2)
  2 kobolds (D:2)
  5 ball pythons
  3 bats (D:2)
  2 rats
16 creatures vanquished.

Notes
Turn   | Place    | Note
-------+----------+-------------------------------------------
     0 | D:1      | Chiseanne the Spriggan Brigand began the quest for the Orb.
     0 | D:1      | Reached XP level 1. HP: 10/10 MP: 2/2
    56 | D:1      | Reached skill level 6 in Stealth
   190 | D:2      | Reached XP level 2. HP: 14/14 MP: 3/3
   304 | D:2      | Reached skill level 7 in Stealth
   454 | D:3      | Slain by a worm

Illustrated notes

Levels and vault maps discovered:
D:1:      matt_arrival_refuge, layout_basic, serial_shops,
          nicolae_shop_pleasant_corner_grove, minmay_misc_feat_four_crosses
D:2:      layout_rooms, minmay_misc_feat_secret_circle, uniq_jessica
D:3:      layout_basic, marbit_many_paths

Skill      XL: |  1  2 |
---------------+-------+-----
Stealth        | 6 7 |  7.1
Fighting       | |  1.5
Short Blades   | |  2.1
Throwing       | |  2.0
Dodging        | |  1.3

Action                     || total
---------------------------++-------
  Melee: Dagger            ||    26
         Rapier            ||    20
    Use: Scroll            ||     4
   Stab: Sleeping          ||     6
 Armour: Robe              ||     7
  Dodge: Dodged            ||    38

Table legend: (Time is in decaauts)
 A = Elapsed time spent in this place.
 B = Non-inter-level travel time spent in this place.
 C = Inter-level travel time spent in this place.
 D = Time resting spent in this place.
 E = Time spent auto-exploring this place.
 F = Levels seen in this place.
 G = Mean time per level.
                   A        B        C        D        E       F      G
               +--------+--------+--------+--------+--------+-----+--------+
         Total |    310 |    310 |      0 |     21 |      0 |   3 |  103.3 |
       Dungeon |    310 |    310 |      0 |     21 |      0 |   3 |  103.3 |
               +--------+--------+--------+--------+--------+-----+--------+

Top non-repeatable levels by time:
     D:2: 162 daAuts
     D:1: 85 daAuts
     D:3: 62 daAuts
